[Event "EYCC 2017"]
[Site "Mamaia"]
[Date "2017.09.08"]
[Round "4"]
[White "Nastase, Andreea-Cristina"]
[Black "Shpanko, Nadiia"]
[Result "1/2-1/2"]
[ECO "E46"]
[WhiteElo "1986"]
[BlackElo "2065"]
[Annotator "NA"]
[PlyCount "149"]
[EventDate "2017.??.??"]
[EventType "swiss"]
[EventCountry "ROU"]
[SourceTitle "playchess.com"]
[Source "ChessBase"]
[SourceQuality "1"]
[TimeControl "40/5400+30:1800+30"]

1. d4 Nf6 2. c4 e6 3. Nc3 Bb4 4. e3 O-O 5. Nge2 d5 6. a3 Bd6 7. c5 Be7 8. b4 b6 9. Ng3 a5 10. Bb2 c6 11. Bd3 Nbd7 12. f4 Ba6 13. O-O Qb8 14. Bxa6 Rxa6 15. Qe2 Qb7 16. f5 exf5 17. Nxf5 Re8 18. b5 Raa8 19. cxb6 Nxb6 20. e4 dxe4 21. Nxe4 cxb5 22. Nxe7+ Qxe7 23. Nxf6+ Qxf6 24. Qxb5 Qe6 25. Qf5 Qxf5 26. Rxf5 Nc4 27. Bc3 Re3 28. Rc1 f6 29. Rc5 Nxa3 30. Rxa5 Rxa5 31. Bxa5 Rd3 32. Rc8+ Kf7 33. Rd8 Nc2 34. Rd7+ Kg6 35. Bb6 Rd2 36. Re7 Nxd4 37. Bxd4 Rxd4 38. Kf2 Rd3 39. Re4 h5 40. h4 Kf5 41. Ra4 Rd5 42. g3 Re5 43. Kf3 Rb5 44. Rf4+ Ke6 45. Re4+ Re5 46. Ra4 Re1 47. Ra7 g6 48. Ra6+ Kf5 49. Ra5+ Re5 50. Ra4 g5 51. hxg5 fxg5 52. Ra8 g4+ 53. Kf2 Rb5 54. Ra2 Rb3 55. Ra5+ Ke4 56. Rxh5 Rb2+ 57. Kg1 Kf3 58. Ra5 Kxg3 59. Ra3+ Kh4 60. Rc3 Re2 61. Ra3 Kg5 62. Kf1 Re4 63. Kf2 Kf4 64. Ra2 Kg5 65. Ra3 Kf4 66. Ra2 Rb4 67. Kg2 g3 68. Ra8 Rb2+ 69. Kg1 Rb5 70. Kg2 Rb2+ 71. Kg1 g2 72. Rf8+ Kg5 73. Rg8+ Kh6 74. Rxg2 Rxg2+ 75. Kxg2 1/2-1/2

[Event "EYCC 2017"]
[Site "Mamaia"]
[Date "2017.09.08"]
[Round "4"]
[White "Garifullina, Leya"]
[Black "Lehaci, Miruna-Daria"]
[Result "0-1"]
[ECO "C18"]
[WhiteElo "1970"]
[BlackElo "1914"]
[Annotator "NA"]
[PlyCount "94"]
[EventDate "2017.??.??"]
[EventType "swiss"]
[EventCountry "ROU"]
[SourceTitle "playchess.com"]
[Source "ChessBase"]
[SourceQuality "1"]
[TimeControl "40/5400+30:1800+30"]

1. e4 e6 2. d4 d5 3. Nc3 Bb4 4. e5 c5 5. a3 Bxc3+ 6. bxc3 Qc7 7. Qg4 f5 8. Qh5+ g6 9. Qf3 Nc6 10. Ne2 Qa5 11. Bd2 Qb6 12. dxc5 Qb2 13. Rc1 Qxa3 14. Qe3 Nge7 15. f4 Bd7 16. Nd4 Qxc5 17. Nxf5 Qxe3+ 18. Nxe3 Kf7 19. c4 d4 20. Ng4 Ng8 21. Bd3 h5 22. Nf2 Nh6 23. Ne4 Nf5 24. Kf2 b6 25. c5 Nce7 26. cxb6 axb6 27. Nf6 Ba4 28. c4 Bb3 29. Ne4 Ra2 30. Ke2 Nc6 31. Rb1 Na5 32. Rhc1 Rc8 33. c5 bxc5 34. Nxc5 Bd5 35. Rb5 Ra8 36. Ke1 Nh4 37. Bf1 Bxg2 38. Bxg2 Nxg2+ 39. Kd1 Ne3+ 40. Bxe3 dxe3 41. Ne4 Rxh2 42. Rc7+ Kf8 43. Ng5 Nb3 44. Nxe6+ Kg8 45. Rxb3 Ra1+ 46. Rc1 e2+ 47. Kd2 e1=Q+ 0-1

[Event "EYCC 2017"]
[Site "Mamaia"]
[Date "2017.09.08"]
[Round "4"]
[White "Ziegenfuss, Antonia"]
[Black "Ince, Safiye Oyku"]
[Result "0-1"]
[ECO "B49"]
[WhiteElo "1956"]
[BlackElo "1737"]
[Annotator "NA"]
[PlyCount "44"]
[EventDate "2017.??.??"]
[EventType "swiss"]
[EventCountry "ROU"]
[SourceTitle "playchess.com"]
[Source "ChessBase"]
[SourceQuality "1"]
[TimeControl "40/5400+30:1800+30"]

1. e4 c5 2. Nf3 e6 3. d4 cxd4 4. Nxd4 Nc6 5. Nc3 Qc7 6. Be3 a6 7. Be2 b5 8. O-O Nf6 9. f3 Be7 10. Qd2 O-O 11. Rad1 Bb7 12. Nb3 Ne5 13. Bd4 b4 14. Na4 d5 15. Qf4 Bd6 16. Bc5 Nc4 17. Bxd6 Nxd6 18. Nac5 Bc8 19. Rd4 Nd7 20. Nxd7 Bxd7 21. exd5 e5 22. Rc4 Qa7+ 0-1

[Event "EYCC 2017"]
[Site "Mamaia"]
[Date "2017.09.08"]
[Round "4"]
[White "Kirchei, Viktoriia"]
[Black "Sovina, Maria"]
[Result "1-0"]
[ECO "B22"]
[WhiteElo "1943"]
[BlackElo "1675"]
[Annotator "NA"]
[PlyCount "97"]
[EventDate "2017.??.??"]
[EventType "swiss"]
[EventCountry "ROU"]
[SourceTitle "playchess.com"]
[Source "ChessBase"]
[SourceQuality "1"]
[TimeControl "40/5400+30:1800+30"]

1. e4 c5 2. c3 Nf6 3. e5 Nd5 4. d4 cxd4 5. Qxd4 e6 6. Nf3 Nc6 7. Qe4 d6 8. Bb5 Bd7 9. c4 Nb6 10. exd6 Bxd6 11. O-O a6 12. Rd1 Qc7 13. Nc3 O-O-O 14. c5 Bxc5 15. Bf4 e5 16. Nxe5 Nxe5 17. Bxe5 Bxf2+ 18. Kxf2 Qc5+ 19. Qd4 Qxd4+ 20. Bxd4 Bg4 21. Bxb6 Bxd1 22. Bxd8 Rxd8 23. Rxd1 Rxd1 24. Nxd1 axb5 25. Nc3 Kc7 26. Nxb5+ Kc6 27. Nd4+ Kd5 28. Ke3 g6 29. Nf3 h6 30. Kd3 b5 31. Kc3 Kc5 32. Ne5 f6 33. Nxg6 b4+ 34. Kd3 Kd5 35. Ne7+ Ke6 36. Nc6 Kd6 37. Nxb4 Kc5 38. Nc2 Kb5 39. Nd4+ Kb4 40. Nf5 Ka4 41. b3+ Ka3 42. Nxh6 Kxa2 43. b4 Ka3 44. b5 Ka4 45. b6 Ka5 46. b7 Ka6 47. b8=Q Ka5 48. Kc4 Ka4 49. Qb4# 1-0

[Event "EYCC 2017"]
[Site "Mamaia"]
[Date "2017.09.08"]
[Round "4"]
[White "Jorge, Rita Maria Osorio"]
[Black "Garcia Martin, Marta"]
[Result "0-1"]
[ECO "B40"]
[WhiteElo "1923"]
[BlackElo "2360"]
[Annotator "NA"]
[PlyCount "92"]
[EventDate "2017.??.??"]
[EventType "swiss"]
[EventCountry "ROU"]
[SourceTitle "playchess.com"]
[Source "ChessBase"]
[SourceQuality "1"]
[TimeControl "40/5400+30:1800+30"]

1. e4 c5 2. Nf3 e6 3. d3 Nc6 4. g3 Nf6 5. Bg2 Be7 6. O-O d6 7. Re1 O-O 8. c3 Bd7 9. Nbd2 Qc7 10. a3 Ne5 11. d4 Nd3 12. Rf1 cxd4 13. Nxd4 Rab8 14. Qe2 Nxc1 15. Raxc1 Rfe8 16. Rfd1 Bf8 17. Nf1 b5 18. Ne3 Qc5 19. b4 Qb6 20. c4 a6 21. e5 dxe5 22. c5 Qc7 23. c6 exd4 24. cxd7 Qxd7 25. Bc6 Qa7 26. Bxe8 Rxe8 27. Ng4 Nd5 28. Rd2 e5 29. Qe4 Nc3 30. Qf5 Qb8 31. h3 f6 32. Nh2 e4 33. Re1 d3 34. Qd7 Re7 35. Qc6 Qc7 36. Qxc7 Rxc7 37. Kg2 g6 38. f3 Bh6 39. f4 f5 40. h4 Nd5 41. Nf1 Bg7 42. Red1 Rc3 43. Ra2 e3 44. Re1 Rc2+ 45. Rxc2 dxc2 46. Kf3 Bb2 0-1

[Event "EYCC 2017"]
[Site "Mamaia"]
[Date "2017.09.08"]
[Round "4"]
[White "Raccanello, Marianna"]
[Black "Srdanovic, Jovana"]
[Result "0-1"]
[ECO "B43"]
[WhiteElo "1906"]
[BlackElo "1994"]
[Annotator "NA"]
[PlyCount "62"]
[EventDate "2017.??.??"]
[EventType "swiss"]
[EventCountry "ROU"]
[SourceTitle "playchess.com"]
[Source "ChessBase"]
[SourceQuality "1"]
[TimeControl "40/5400+30:1800+30"]

1. e4 c5 2. Nf3 e6 3. d4 cxd4 4. Nxd4 a6 5. Nc3 b5 6. Bd3 Qb6 7. Nb3 Qc7 8. O-O Bb7 9. a3 Be7 10. Be3 d6 11. f4 Nf6 12. Qe2 Nbd7 13. Rad1 h5 14. Kh1 h4 15. Nd4 Rc8 16. Rfe1 Nc5 17. Bg1 Qb8 18. Nf3 Nh5 19. Be3 Qa8 20. Bd2 Kf8 21. e5 h3 22. b4 hxg2+ 23. Kxg2 Nxd3 24. cxd3 Rxc3 25. Rf1 Rc2 26. Qe3 g6 27. Kg1 Bxf3 28. Rxf3 Ng7 29. Rdf1 Nf5 30. Qe1 Qd5 31. Bc3 Rhxh2 0-1

[Event "EYCC 2017"]
[Site "Mamaia"]
[Date "2017.09.08"]
[Round "4"]
[White "Makkar, Rajat"]
[Black "Cohen, Elad"]
[Result "1-0"]
[ECO "E16"]
[WhiteElo "1880"]
[BlackElo "1668"]
[Annotator "NA"]
[PlyCount "129"]
[EventDate "2017.??.??"]
[EventType "swiss"]
[EventCountry "ROU"]
[SourceTitle "playchess.com"]
[Source "ChessBase"]
[SourceQuality "1"]
[TimeControl "40/5400+30:1800+30"]

1. d4 Nf6 2. c4 e6 3. Nf3 Bb4+ 4. Bd2 Qe7 5. a3 Bxd2+ 6. Qxd2 b6 7. Nc3 Bb7 8. g3 d6 9. Bg2 Nbd7 10. O-O O-O 11. Rfe1 Rad8 12. e4 Rfe8 13. Qg5 e5 14. Rad1 Qf8 15. d5 h6 16. Qd2 a6 17. b4 g5 18. Rc1 a5 19. Nb5 Rc8 20. Qb2 axb4 21. axb4 c6 22. Na7 Rc7 23. Ra1 Ra8 24. Nd2 Nb8 25. Reb1 Bc8 26. Nxc8 Rxa1 27. Qxa1 Qxc8 28. Qa8 cxd5 29. exd5 Na6 30. Qxc8+ Rxc8 31. Bh3 Rb8 32. Bf1 Nd7 33. Ne4 b5 34. cxb5 Nc7 35. Nc3 Nb6 36. Rd1 Rc8 37. Bh3 Ra8 38. Rc1 Ra3 39. Bg2 Rb3 40. Bf1 Rxb4 41. Na2 Rb2 42. Rxc7 Rxa2 43. Rc6 Nxd5 44. Rxd6 Nb4 45. b6 Ra8 46. b7 Rb8 47. Bg2 Kg7 48. Rb6 Nd3 49. Ra6 Nc5 50. Ra8 Rxb7 51. Bxb7 Nxb7 52. Re8 Kf6 53. Rb8 Nc5 54. Rb6+ Kg7 55. Rb5 Nd7 56. Rd5 Nf6 57. Rxe5 Kg6 58. Ra5 Nd7 59. Rd5 Nf6 60. Rd6 Kf5 61. Ra6 h5 62. f3 g4 63. f4 Ng8 64. Ra5+ Kg6 65. Rg5+ 1-0

[Event "EYCC 2017"]
[Site "Mamaia"]
[Date "2017.09.08"]
[Round "4"]
[White "Biletskiy, Danylo"]
[Black "Antonica, Dragos-Andrei"]
[Result "0-1"]
[ECO "A09"]
[WhiteElo "1866"]
[BlackElo "2188"]
[Annotator "NA"]
[PlyCount "90"]
[EventDate "2017.??.??"]
[EventType "swiss"]
[EventCountry "ROU"]
[SourceTitle "playchess.com"]
[Source "ChessBase"]
[SourceQuality "1"]
[TimeControl "40/5400+30:1800+30"]

1. Nf3 d5 2. c4 d4 3. e3 Nc6 4. d3 e5 5. exd4 exd4 6. Be2 Nf6 7. O-O Be7 8. a3 a5 9. Bg5 Nd7 10. Bxe7 Qxe7 11. Re1 O-O 12. Bf1 Qf6 13. Nbd2 Nc5 14. Ne4 Nxe4 15. Rxe4 Bf5 16. Re1 Bg4 17. Be2 Rfe8 18. Qd2 h6 19. h3 Bh5 20. Rab1 Bg6 21. b4 axb4 22. axb4 Ne5 23. Nxe5 Rxe5 24. Bf3 Ra3 25. Be4 Bxe4 26. dxe4 Rg5 27. f4 Rgg3 28. e5 Qg6 29. f5 Qxf5 30. Qxd4 Qxh3 31. Qd8+ Kh7 32. Rb2 Qg4 33. Qd5 Qe6 34. Qe4+ Rg6 35. Rf2 Rc3 36. c5 c6 37. Rf4 Rcg3 38. Re2 R3g5 39. Qd3 Rg4 40. Rxg4 Qxg4 41. b5 Qb4 42. e6 Qxc5+ 43. Kf1 fxe6 44. bxc6 Qxc6 45. Kf2 Qxg2+ 0-1

[Event "EYCC 2017"]
[Site "Mamaia"]
[Date "2017.09.08"]
[Round "4"]
[White "Luczak, Filip"]
[Black "Tadic, Stefan"]
[Result "1-0"]
[ECO "B27"]
[WhiteElo "1866"]
[BlackElo "2074"]
[Annotator "NA RC"]
[PlyCount "39"]
[EventDate "2017.??.??"]
[EventType "swiss"]
[EventCountry "ROU"]
[SourceTitle "playchess.com"]
[Source "ChessBase"]
[SourceQuality "1"]
[TimeControl "40/5400+30:1800+30"]

1. e4 c5 2. Nf3 g6 3. d4 Bg7 4. c4 Qa5+ 5. Bd2 Qb6 6. Bc3 Nc6 7. d5 Nd4 8. e5 Nxf3+ 9. Qxf3 f6 10. Qg3 fxe5 11. Bxe5 Nf6 12. Nd2 O-O 13. Be2 e6 14. O-O Re8 15. d6 Rf8 16. f4 Qa5 17. Rad1 Rb8 18. Nb3 Qxa2 19. Ra1 Ne4 20. Rxa2 1-0

[Event "EYCC 2017"]
[Site "Mamaia"]
[Date "2017.09.08"]
[Round "4"]
[White "Zhurova, Anna"]
[Black "Obada, Ema"]
[Result "1-0"]
[ECO "C12"]
[WhiteElo "1864"]
[BlackElo "1708"]
[Annotator "NA RC"]
[PlyCount "117"]
[EventDate "2017.??.??"]
[EventType "swiss"]
[EventCountry "ROU"]
[SourceTitle "playchess.com"]
[Source "ChessBase"]
[SourceQuality "1"]
[TimeControl "40/5400+30:1800+30"]

1. e4 e6 2. d4 d5 3. Nc3 Nf6 4. Bg5 Bb4 5. e5 h6 6. Bd2 Bxc3 7. bxc3 Ne4 8. Qg4 Kf8 9. Bd3 Nxd2 10. Kxd2 Qg5+ 11. Qxg5 hxg5 12. Nh3 f6 13. f4 g4 14. Nf2 f5 15. h3 gxh3 16. Nxh3 c5 17. Ng5 Rg8 18. g4 Nc6 19. gxf5 exf5 20. c4 Nxd4 21. cxd5 a6 22. c3 Nb5 23. a4 Nc7 24. Bc4 b5 25. axb5 axb5 26. Rxa8 Nxa8 27. Bxb5 Bb7 28. c4 Nc7 29. Bd7 Ke7 30. Bxf5 Nxd5 31. cxd5 Bxd5 32. Ra1 Rb8 33. Ra7+ Kf8 34. e6 Rb2+ 35. Ke1 Rb7 36. Ra8+ Ke7 37. Rg8 Kf6 38. Rf8+ Ke7 39. Rf7+ Ke8 40. Rxb7 Bxb7 41. Be4 Bc8 42. Bd5 Ke7 43. Kd2 Kf6 44. Ne4+ Ke7 45. f5 c4 46. Kc3 Ba6 47. Bxc4 Bb7 48. Kd4 Bc6 49. Ke5 Ba4 50. Nc3 Bc6 51. Bd5 Be8 52. Be4 Bh5 53. Nd5+ Ke8 54. Kd6 Kd8 55. Nb6 Ke8 56. Bc6+ Kf8 57. e7+ Kg8 58. Kd7 Bf7 59. Bd5 1-0

[Event "EYCC 2017"]
[Site "Mamaia"]
[Date "2017.09.08"]
[Round "4"]
[White "Posuniak, Weronika"]
[Black "Kanakova, Natalie"]
[Result "1/2-1/2"]
[ECO "E38"]
[WhiteElo "1856"]
[BlackElo "2186"]
[Annotator "NA"]
[PlyCount "146"]
[EventDate "2017.??.??"]
[EventType "swiss"]
[EventCountry "ROU"]
[SourceTitle "playchess.com"]
[Source "ChessBase"]
[SourceQuality "1"]
[TimeControl "40/5400+30:1800+30"]

1. d4 Nf6 2. c4 e6 3. Nc3 Bb4 4. Qc2 c5 5. e3 O-O 6. a3 Bxc3+ 7. Qxc3 b6 8. Nf3 Bb7 9. b4 Ne4 10. Qc2 d6 11. Bd3 f5 12. Bb2 Nd7 13. Rd1 Ng5 14. d5 Nxf3+ 15. gxf3 Ne5 16. Bxe5 dxe5 17. bxc5 bxc5 18. Qb2 Qa5+ 19. Ke2 e4 20. fxe4 fxe4 21. Bxe4 exd5 22. Rhg1 Rf7 23. Bxd5 Bxd5 24. Rxd5 Raf8 25. f4 Qa6 26. Rxc5 Qh6 27. Rg2 Qh3 28. Rcg5 g6 29. Qe5 Qd7 30. Qd5 Qe7 31. c5 Rd8 32. Qc4 Qd7 33. Qc2 Qb5+ 34. Kf3 Qf1+ 35. Rf2 Qh3+ 36. Ke2 Re8 37. Qb3 Kg7 38. c6 Rfe7 39. Qc3+ Kg8 40. Rg3 Qh5+ 41. Ke1 Rb8 42. Rb2 Rxb2 43. Qxb2 Qc5 44. Qb4 Qc1+ 45. Ke2 Qc2+ 46. Qd2 Qxc6 47. Rg5 Rd7 48. Qa2+ Kg7 49. Qb2+ Kh6 50. Rg4 Qc4+ 51. Kf2 Rd5 52. Rh4+ Rh5 53. Rxh5+ Kxh5 54. Qe2+ Qxe2+ 55. Kxe2 Kg4 56. h3+ Kxh3 57. Kf3 h6 58. e4 g5 59. f5 g4+ 60. Ke2 g3 61. f6 g2 62. f7 g1=Q 63. f8=Q Qg2+ 64. Kd3 Qg3+ 65. Kd4 Qg1+ 66. Kd5 Qd1+ 67. Ke6 Qb3+ 68. Kd7 Qb7+ 69. Kd6 Qb6+ 70. Kd5 Qb3+ 71. Kc6 Qb6+ 72. Kd5 Qb3+ 73. Kc6 Qb6+ 1/2-1/2

[Event "EYCC 2017"]
[Site "Mamaia"]
[Date "2017.09.08"]
[Round "4"]
[White "Khamenya, Vitalia"]
[Black "Hercog, Nusa"]
[Result "0-1"]
[ECO "B21"]
[WhiteElo "1853"]
[BlackElo "2034"]
[Annotator "NA"]
[PlyCount "77"]
[EventDate "2017.??.??"]
[EventType "swiss"]
[EventCountry "ROU"]
[SourceTitle "playchess.com"]
[Source "ChessBase"]
[SourceQuality "1"]
[TimeControl "40/5400+30:1800+30"]

1. e4 c5 2. d4 cxd4 3. c3 dxc3 4. Nxc3 Nc6 5. Nf3 e6 6. Bc4 Qc7 7. O-O Nf6 8. Qe2 Ng4 9. Rd1 Bc5 10. Be3 Nxe3 11. fxe3 a6 12. a3 b5 13. Ba2 O-O 14. b4 Ba7 15. Rac1 Qf4 16. Nd4 Nxd4 17. exd4 Bxd4+ 18. Kh1 Bb7 19. Rf1 Qe5 20. Rf3 Bxc3 21. Rfxc3 Qxe4 22. Qxe4 Bxe4 23. Kg1 a5 24. Bb3 axb4 25. axb4 Bb7 26. Kf2 Rfc8 27. Rc5 d6 28. Rc7 Kf8 29. R1c2 Rxc7 30. Rxc7 Be4 31. g3 Ra3 32. Bd1 Bd3 33. Rb7 Ra1 34. Bf3 Rb1 35. Ke3 Bc4 36. Rb8+ Ke7 37. Rh8 h6 38. Rg8 Kf6 39. Kd4 {Ke5+} 0-1

[Event "EYCC 2017"]
[Site "Mamaia"]
[Date "2017.09.08"]
[Round "4"]
[White "Bui, Ngoc Han Julia"]
[Black "Norlamo, Sarabella"]
[Result "1/2-1/2"]
[ECO "C10"]
[WhiteElo "1850"]
[BlackElo "1807"]
[Annotator "NA"]
[PlyCount "45"]
[EventDate "2017.??.??"]
[EventType "swiss"]
[EventCountry "ROU"]
[SourceTitle "playchess.com"]
[Source "ChessBase"]
[SourceQuality "1"]
[TimeControl "40/5400+30:1800+30"]

1. e4 e6 2. d4 d5 3. Nd2 dxe4 4. Nxe4 Bd7 5. Nf3 Bc6 6. Bd3 Nd7 7. Qe2 Ngf6 8. Nxf6+ Nxf6 9. O-O Be7 10. Bf4 O-O 11. c3 b6 12. Rad1 Bb7 13. Rfe1 Bd6 14. Ne5 Qe7 15. Bg5 h6 16. Bh4 Qd8 17. Bc4 Be7 18. Nxf7 Rxf7 19. Bxe6 Bd6 20. Bxf7+ Kxf7 21. Qe6+ Kf8 22. d5 Qe7 23. Qf5 1/2-1/2

[Event "EYCC 2017"]
[Site "Mamaia"]
[Date "2017.09.08"]
[Round "4"]
[White "Samadov, Read"]
[Black "Piliposyan, Robert"]
[Result "1/2-1/2"]
[ECO "B20"]
[WhiteElo "1848"]
[BlackElo "1773"]
[Annotator "NA"]
[PlyCount "62"]
[EventDate "2017.??.??"]
[EventType "swiss"]
[EventCountry "ROU"]
[SourceTitle "playchess.com"]
[Source "ChessBase"]
[SourceQuality "1"]
[TimeControl "40/5400+30:1800+30"]

1. e4 c5 2. b3 Nc6 3. Bb2 d6 4. Nc3 Nf6 5. Bb5 Bd7 6. d3 Nd4 7. Bxd7+ Qxd7 8. Nge2 g6 9. O-O Bg7 10. Nxd4 cxd4 11. Ne2 e5 12. c3 dxc3 13. Bxc3 O-O 14. f4 Rfe8 15. Qe1 Rac8 16. Rc1 Qb5 17. Rf3 d5 18. Bxe5 dxe4 19. Nd4 Qd5 20. Rxc8 Rxc8 21. dxe4 Nxe4 22. Bxg7 Kxg7 23. Qa1 Kg8 24. Rd3 Rc3 25. Rd1 Qc5 26. Qb2 a5 27. f5 gxf5 28. h3 Re3 29. Rc1 Rc3 30. Rd1 Re3 31. Rc1 Rc3 1/2-1/2

[Event "EYCC 2017"]
[Site "Mamaia"]
[Date "2017.09.08"]
[Round "4"]
[White "Louka, Magdalini"]
[Black "Muetsch, Annmarie"]
[Result "0-1"]
[ECO "A26"]
[WhiteElo "1814"]
[BlackElo "2137"]
[Annotator "NA"]
[PlyCount "62"]
[EventDate "2017.??.??"]
[EventType "swiss"]
[EventCountry "ROU"]
[SourceTitle "playchess.com"]
[Source "ChessBase"]
[SourceQuality "1"]
[TimeControl "40/5400+30:1800+30"]

1. c4 e5 2. g3 Nc6 3. Bg2 g6 4. Nc3 Bg7 5. d3 d6 6. Rb1 a5 7. a3 f5 8. e3 Nf6 9. Nge2 O-O 10. O-O Kh8 11. b4 axb4 12. axb4 Ne7 13. b5 d5 14. Qb3 dxc4 15. dxc4 e4 16. Rd1 Qe8 17. Bb2 g5 18. Rbc1 Bd7 19. Nd4 Ng6 20. Nd5 Rc8 21. Ba3 Rg8 22. Bh3 Nxd5 23. cxd5 Ne5 24. Ne6 Nf3+ 25. Kf1 Bxb5+ 26. Kg2 g4 27. Bb2 Qh5 28. Nf4 gxh3+ 29. Kh1 Qe8 30. Ne6 Ne5 31. Nxc7 Qh5 0-1

[Event "EYCC 2017"]
[Site "Mamaia"]
[Date "2017.09.08"]
[Round "4"]
[White "Koubova, Anna Marie"]
[Black "Peycheva, Gergana"]
[Result "1-0"]
[ECO "E12"]
[WhiteElo "1805"]
[BlackElo "2252"]
[Annotator "NA"]
[PlyCount "69"]
[EventDate "2017.??.??"]
[EventType "swiss"]
[EventCountry "ROU"]
[SourceTitle "playchess.com"]
[Source "ChessBase"]
[SourceQuality "1"]
[TimeControl "40/5400+30:1800+30"]

1. d4 Nf6 2. c4 e6 3. Nf3 b6 4. Bf4 Bb7 5. e3 Bb4+ 6. Nfd2 O-O 7. a3 Be7 8. Nc3 c5 9. d5 d6 10. Be2 Nbd7 11. Bf3 e5 12. Bg3 Ne8 13. e4 a6 14. O-O g6 15. Be2 Bf6 16. f4 exf4 17. Bxf4 Ne5 18. Nf3 Rb8 19. a4 Bc8 20. Nxe5 Bxe5 21. Bxe5 dxe5 22. Bg4 f5 23. exf5 gxf5 24. Bh3 Nd6 25. b3 Qh4 26. Qe1 Qf6 27. Ra2 Rb7 28. Ne2 Re7 29. Ng3 Kh8 30. Re2 e4 31. Nh5 Qg5 32. Qc3+ Kg8 33. Qg3 Qxg3 34. Nxg3 e3 35. Rf3 1-0

[Event "EYCC 2017"]
[Site "Mamaia"]
[Date "2017.09.08"]
[Round "4"]
[White "Leriche, Ines"]
[Black "Limanovska, Elizabete"]
[Result "0-1"]
[ECO "E32"]
[WhiteElo "1802"]
[BlackElo "2071"]
[Annotator "NA"]
[PlyCount "120"]
[EventDate "2017.??.??"]
[EventType "swiss"]
[EventCountry "ROU"]
[SourceTitle "playchess.com"]
[Source "ChessBase"]
[SourceQuality "1"]
[TimeControl "40/5400+30:1800+30"]

1. d4 Nf6 2. c4 e6 3. Nc3 Bb4 4. Qc2 O-O 5. a3 Bxc3+ 6. Qxc3 b6 7. Nf3 Bb7 8. Bg5 d6 9. Nd2 Nbd7 10. e3 h6 11. Bh4 c5 12. dxc5 dxc5 13. f3 Qc7 14. Bd3 Rad8 15. O-O Qe5 16. Be2 Qxc3 17. bxc3 Ne5 18. Rfd1 Ba6 19. Bxf6 gxf6 20. Ne4 f5 21. Nd6 Rd7 22. f4 Nc6 23. Nb5 Rfd8 24. Bf3 Na5 25. Rxd7 Rxd7 26. Be2 Rd2 27. Kf1 Rc2 28. Nxa7 Bxc4 29. Re1 Rxc3 30. Nc8 b5 31. Nd6 Bxe2+ 32. Rxe2 b4 33. axb4 cxb4 34. Rb2 b3 35. Ke2 Kf8 36. Nb5 Rxe3+ 37. Kxe3 Nc4+ 38. Ke2 Nxb2 39. Nd4 Ke7 40. Nxb3 Kd6 41. Ke3 Kd5 42. h3 f6 43. Nd4 Nd1+ 44. Kd3 h5 45. Ne2 Nf2+ 46. Ke3 Ne4 47. Nd4 Nd6 48. Ne2 e5 49. h4 Ne8 50. Ng3 Ng7 51. Kf3 Kd4 52. Ne2+ Kd3 53. Nc1+ Kc2 54. Ne2 Kd2 55. Ng3 Kd3 56. Nf1 e4+ 57. Kf2 Ne6 58. Ne3 Nd4 59. Nd5 Nc2 60. Kf1 Ne3+ 0-1

[Event "EYCC 2017"]
[Site "Mamaia"]
[Date "2017.09.08"]
[Round "4"]
[White "Koltai, Dora"]
[Black "Jarocka, Liwia"]
[Result "0-1"]
[ECO "B22"]
[WhiteElo "1800"]
[BlackElo "1970"]
[Annotator "NA"]
[PlyCount "118"]
[EventDate "2017.??.??"]
[EventType "swiss"]
[EventCountry "ROU"]
[SourceTitle "playchess.com"]
[Source "ChessBase"]
[SourceQuality "1"]
[TimeControl "40/5400+30:1800+30"]

1. e4 c5 2. c3 d5 3. exd5 Qxd5 4. d4 Nc6 5. Nf3 Bf5 6. Be2 cxd4 7. cxd4 Bxb1 8. Rxb1 e6 9. a3 Be7 10. O-O Bf6 11. Be3 Nge7 12. Qa4 O-O 13. Rbc1 Rfd8 14. Rfd1 Rac8 15. Qb5 Qxb5 16. Bxb5 Rd5 17. Ba4 Rcd8 18. Bxc6 Nxc6 19. Rd2 Kf8 20. Rcd1 Na5 21. g3 b5 22. Rc2 Nc4 23. a4 e5 24. axb5 exd4 25. Rxc4 dxe3 26. Rxd5 exf2+ 27. Kxf2 Rxd5 28. Rc8+ Ke7 29. Rc7+ Rd7 30. Rxd7+ Kxd7 31. Ke3 Bxb2 32. Kd3 h6 33. Nd2 Bf6 34. Nc4 Bd8 35. Ke4 Ke6 36. g4 g6 37. h3 Bc7 38. Kd4 Bb6+ 39. Ke4 f5+ 40. Kf4 fxg4 41. Kxg4 Kd5 42. Nd2 Kc5 43. Ne4+ Kxb5 44. Nd6+ Kb4 45. Nc8 Bc5 46. Nxa7 Bxa7 47. Kf4 Bf2 48. Kf3 Bh4 49. Kg4 g5 50. Kf3 Kc4 51. Ke4 h5 52. Kf3 Kd3 53. Kg2 Ke3 54. Kg1 Kf3 55. Kh2 Kf2 56. Kh1 Kg3 57. Kg1 Kxh3 58. Kh1 g4 59. Kg1 Bf6 0-1

[Event "EYCC 2017"]
[Site "Mamaia"]
[Date "2017.09.08"]
[Round "4"]
[White "Dubovyk, Anastasiia"]
[Black "Mironenko, Galina"]
[Result "1/2-1/2"]
[ECO "B50"]
[WhiteElo "1785"]
[BlackElo "2035"]
[Annotator "NA"]
[PlyCount "85"]
[EventDate "2017.??.??"]
[EventType "swiss"]
[EventCountry "ROU"]
[SourceTitle "playchess.com"]
[Source "ChessBase"]
[SourceQuality "1"]
[TimeControl "40/5400+30:1800+30"]

1. e4 c5 2. Nf3 d6 3. c3 Nf6 4. Bc4 g6 5. d3 Nc6 6. Bb3 Bg7 7. h3 O-O 8. O-O b6 9. Re1 Bb7 10. Be3 e6 11. Nbd2 Qc7 12. Nf1 Rfd8 13. Ng3 e5 14. Qc1 b5 15. Bg5 Ne7 16. Nh2 c4 17. dxc4 bxc4 18. Bc2 d5 19. Bxf6 Bxf6 20. Ng4 Bg7 21. Qg5 d4 22. cxd4 exd4 23. e5 d3 24. Ba4 Qc5 25. Qh4 Rd4 26. Nf6+ Bxf6 27. Qxf6 Nd5 28. Qd6 Qa5 29. e6 Qxa4 30. exf7+ Kxf7 31. Qe6+ Kf8 32. Qd6+ Kg8 33. Qe6+ Kf8 34. Qd6+ Kg8 35. Qe6+ Kf8 36. Qd6+ Kg8 37. Qe6+ Kf8 38. Qd6+ Kg8 39. Qe6+ Kf8 40. Qd6+ Kg8 41. Qe6+ Kf8 42. Qd6+ Kg8 43. Qe6+ 1/2-1/2

[Event "EYCC 2017"]
[Site "Mamaia"]
[Date "2017.09.08"]
[Round "4"]
[White "Klimkowski, Jan"]
[Black "Milikow, Elie"]
[Result "1-0"]
[ECO "B33"]
[WhiteElo "1761"]
[BlackElo "1977"]
[Annotator "NA"]
[PlyCount "83"]
[EventDate "2017.??.??"]
[EventType "swiss"]
[EventCountry "ROU"]
[SourceTitle "playchess.com"]
[Source "ChessBase"]
[SourceQuality "1"]
[TimeControl "40/5400+30:1800+30"]

1. e4 c5 2. Nf3 Nc6 3. d4 cxd4 4. Nxd4 Nf6 5. Nc3 e5 6. Ndb5 d6 7. Bg5 a6 8. Na3 b5 9. Nd5 Be7 10. Bxf6 Bxf6 11. c3 O-O 12. Nc2 Bg5 13. h4 Bh6 14. a4 bxa4 15. Ncb4 Nxb4 16. Nxb4 Bb7 17. Nd5 Bxd5 18. Qxd5 Qb6 19. Ra2 Rac8 20. Be2 a3 21. O-O axb2 22. Rb1 Rxc3 23. Rbxb2 Rc1+ 24. Bf1 Qd8 25. g3 Rc5 26. Qd3 d5 27. exd5 Rxd5 28. Qxa6 Rd1 29. Kg2 e4 30. Be2 Rd6 31. Qc4 e3 32. fxe3 Bxe3 33. Bf3 Qf6 34. Rb7 Rfd8 35. Qe4 Bc5 36. Re2 Rd1 37. Qc6 Qd4 38. Re8+ Bf8 39. Bxd1 Qxd1 40. Rxd8 Qxd8 41. Qd7 Qa5 42. Qxf7+ {Qb5} 1-0

[Event "EYCC 2017"]
[Site "Mamaia"]
[Date "2017.09.08"]
[Round "4"]
[White "Bondareva, Daria"]
[Black "Can, Isil"]
[Result "1/2-1/2"]
[ECO "C47"]
[WhiteElo "1754"]
[BlackElo "1945"]
[Annotator "NA"]
[PlyCount "42"]
[EventDate "2017.??.??"]
[EventType "swiss"]
[EventCountry "ROU"]
[SourceTitle "playchess.com"]
[Source "ChessBase"]
[SourceQuality "1"]
[TimeControl "40/5400+30:1800+30"]

1. e4 e5 2. Nf3 Nc6 3. Nc3 Nf6 4. d4 exd4 5. Nxd4 Bb4 6. Nxc6 bxc6 7. Bd3 d5 8. exd5 cxd5 9. O-O O-O 10. h3 c6 11. Qf3 Rb8 12. Ne2 Bd6 13. b3 Be5 14. Bf4 Qd6 15. c3 Bb7 16. Bxe5 Qxe5 17. Rfe1 c5 18. Ng3 Qc7 19. Nh5 Nxh5 20. Qxh5 g6 21. Qg5 Rfe8 1/2-1/2